cohdb
Replays
Latest Replays
All Replays
Popular Replays
Top Player Replays
Match Explorer
How It Works
Community
CoH3 Stats
Reddit
Sign in to upload your games and track your stats! →
Sign in with Steam
Match 37942454
Unlisted
Match 37942454
Overview
Messages
Build Orders
End
Construct Barracks
Riflemen Squad
Riflemen Squad
Grenade Package
Riflemen Squad
Selects Special Operations Battlegroup
Selects M29 Weasel with M1 Pack Howitzer
M29 Weasel with M1 Pack Howitzer
Air Support Center
Riflemen Squad
Selects Raiding Flares
Construct Medical Station
Construct Tank Depot
Raiding Flares
Riflemen Squad
P-47 Dive Bomb
Grasshopper Recon Run
M18 Hellcat Tank Destroyer
P-47 Strafing Run
Raiding Flares
M1918 Browning Automatic Rifles
Engineer Squad
Graset
Windorca
Tanith's Finest
CitizenKane
波菜
BiliBilI_23984226_Luckyman55
NO.2
JT
0
0
Comments
sign in to comment!
No comments posted yet!